 Dungeon Crawl Stone Soup version 0.30.0-5-g1a98f26d00 (webtiles) character file.

Game seed: 9502822950224646542

4 CaptainMV the Stinger (level 1, 0/14 HPs)
             Began as a Draconian Venom Mage on May 11, 2023.
             Slain by a gnoll
             ... wielding a +0 flail
              (10 damage)
             ... on level 1 of the Dungeon.
             The game lasted 00:01:43 (258 turns).

CaptainMV the Stinger (Draconian Venom Mage)         Turns: 258, Time: 00:01:43

Health: 0/14       AC:  4    Str: 10    XL:     1   Next: 58%
Magic:  1/3        EV: 12    Int: 15    God:
Gold:   41         SH:  0    Dex: 11    Spells: 3/4 levels left

rFire   . . .        h - +0 dagger
rCold   . . .        (no shield)
rNeg    . . .        (body armour unavailable)
rPois   .            (helmet restricted)
rElec   .            (no cloak)
rCorr   .            (no gloves)
SInv    .            (no boots)
Will    .....        (no amulet)
Stlth   ++           (no ring)
HPRegen 0.22/turn    (no ring)
MPRegen 0.08/turn

%: no passive effects
@: no status effects
A: AC +4, unfitting armour, cold-blooded
a: no special abilities


You were on level 1 of the Dungeon.
You visited 1 branch of the dungeon, and saw 1 of its levels.

You collected 41 gold pieces.

Inventory:

Hand Weapons
 h - a +0 dagger (weapon)
Missiles
 d - 5 poisoned darts (quivered)
Scrolls
 b - a scroll of poison {unknown}
 e - 2 scrolls of identify {unknown}
 f - a scroll of teleportation {unknown}
 i - a scroll of blinking {unknown}
Potions
 a - a potion of magic
 c - a potion of heal wounds {unknown}
 g - a potion of curing {unknown}


   Skills:
 + Level 1.7 Dodging
 + Level 1.7 Stealth
 + Level 2.1 Spellcasting
 + Level 1.0 Transmutations
 + Level 3.2 Poison Magic


You had 3 spell levels left.
You knew the following spells:

 Your Spells              Type           Power      Damage    Failure   Level
a - Sting                 Tmut/Pois      28%        1d4       10%         1

Your spell library contained the following spells:

 Spells                   Type           Power      Damage    Failure   Level
 Poisonous Vapours        Pois/Air       12%        N/A       17%         2
 Mephitic Cloud           Conj/Pois/Air  4%         N/A       38%         3
 Olgreb's Toxic Radiance  Pois           11%        N/A       50%         4


Dungeon Overview and Level Annotations

Branches:
Dungeon (1/15)

Altars:


Innate Abilities, Weirdness & Mutations

Your plain brown scales are hard. (AC +4)
You cannot fit into any form of body armour.
You are cold-blooded and may be slowed by cold attacks.


Message History

The sting misses the goblin.
Casting: Sting (safe; 10% risk of failure)
Confirm with . or Enter, or press ? or * to list all spells.
Aiming: Sting (safe; 10% risk of failure)
Press: ? - help, Shift-Dir - straight line, f/p - goblin
Aim: a goblin, wielding a +0 club (60% to hit)
You miscast Sting.
You are very lightly contaminated with residual magic.
Nothing appears to happen.
You hit the goblin.
The goblin is moderately wounded.
The goblin barely misses you.
You hit the goblin.
You kill the goblin!
You see here a +0 club.
Found a scroll labelled OXIMEVV KAOL.
Your magical contamination has completely faded away.
i - a scroll labelled OXIMEVV KAOL A gnoll comes into view.
It is wielding a +0 flail.
You now have 41 gold pieces (gained 10).
Found a mace.
Casting: Sting (safe; 10% risk of failure)
Confirm with . or Enter, or press ? or * to list all spells.
Aiming: Sting (safe; 10% risk of failure)
Press: ? - help, Shift-Dir - straight line, f - gnoll
Aim: a gnoll, wielding a +0 flail (72% to hit)
The sting hits the gnoll.
The gnoll is poisoned.
The gnoll is lightly wounded.
You barely miss the gnoll.
The gnoll is lightly wounded.
The gnoll hits you with a +0 flail.
You closely miss the gnoll.
The gnoll is moderately wounded.
The gnoll closely misses you.
You hit the gnoll but do no damage.
You tail-slap the gnoll, but do no damage.
The gnoll is moderately wounded.
The gnoll hits you with a +0 flail!
Ouch! That really hurt!
You die...

#.###.# ### ###
#.###.###
#...#...
#######.#.#####
##
..............#
.#
######.######.#
.# # # #. #)#
.#.#... ##
###.###......)
#.....@g#
#.#..#....#
#.##.#.####
#.##.#.#
#....#.#
######.. ###


You could see a gnoll (poisoned).

Vanquished Creatures
  A giant cockroach (D:1)
  2 goblins (D:1)
  A rat (D:1)
4 creatures vanquished.

Notes
Turn   | Place    | Note
-------+----------+-------------------------------------------
     0 | D:1      | CaptainMV the Draconian Venom Mage began the quest for the
                  | Orb.
     0 | D:1      | Reached XP level 1. HP: 14/14 MP: 3/3
   258 | D:1      | Slain by a gnoll

Illustrated notes

Levels and vault maps discovered:
D:1:      nzn_arrival_depleted_hourglass, layout_basic

Action                     || total
---------------------------++-------
  Melee: Dagger            ||     6
         Tailslap          ||     1
   Cast: Sting             ||     6
  Dodge: Dodged            ||     4
